 Dungeon Crawl Stone Soup version 0.30.0-29-ga12c61a403 (webtiles) character file.

Game seed: 9876483756135151442

12112 qw the Cleaver (level 11, 0/71 HPs)
             Began as a Gargoyle Fighter on June 5, 2023.
             Was an Elder of Okawaru.
             Slain by a komodo dragon (19 damage)
             ... on level 2 of the Lair of Beasts.
             The game lasted 00:04:32 (7946 turns).

qw the Cleaver (Gargoyle Fighter)                   Turns: 7946, Time: 00:04:33

Health: 0/71       AC: 32    Str: 23    XL:     11   Next: 88%
Magic:  12/14      EV: 10    Int: 10    God:    Okawaru [****..]
Gold:   531        SH:  7    Dex: 15    Spells: 10/10 levels left

rFire   + . .        Y - +1 war axe (venom)
rCold   . . .        c - +0 buckler
rNeg    + . .        q - +0 plate armour
rPois   inf          e - +1 hat
rElec   +            r - +0 cloak
rCorr   .            h - +2 pair of gloves
SInv    .            g - +0 pair of boots
Will    .....        n - amulet of regeneration Stlth
                     k - ring of protection from fire
HPRegen 1.11/turn    m - +6 ring of dexterity
MPRegen 0.14/turn

%: clarity
@: heroic
A: sickness immunity, AC +8, negative energy resistance 1, electricity
resistance, torment resistance 1, petrification resistance, clarity, wild magic
1
a: Renounce Religion, Heroism, Finesse


You were on level 2 of the Lair of Beasts.
You worshipped Okawaru.
Okawaru was greatly pleased with you.
You visited 3 branches of the dungeon, and saw 11 of its levels.
You also visited: Ossuary.

You collected 531 gold pieces.


Innate Abilities, Weirdness & Mutations

You are immune to sickness and miasma.
Your stone body is resilient. (AC +8)
You are immune to poison.
You resist negative energy. (rN+)
You are resistant to electric shocks. (rElec)
You are resistant to unholy torment.
You are immune to petrification.
You possess an exceptional clarity of mind.
Your spells are a little harder to cast, but a little more powerful.


   Skills:
 - Level 9.1(14.1) Fighting
 - Level 12.0(17.0) Axes
 - Level 3.6(8.6) Throwing
 - Level 9.4(14.4) Armour
 - Level 2.0(7.0) Dodging
 + Level 5.5(10.5) Shields
 + Level 4.2 Invocations


You had 10 spell levels left.
You didn't know any spells.
Your spell library was empty.

Inventory:

Hand Weapons
 p - a +0 flail of protection
 Y - a +1 war axe of venom (weapon)
Missiles
 l - 2 javelins (quivered)
Armour
 c - a +0 buckler (worn)
 e - a +1 hat (worn)
 g - a +0 pair of boots (worn)
 h - a +2 pair of gloves (worn)
 q - a +0 plate armour (worn)
 r - a +0 cloak (worn)
 u - a +2 chain mail of cold resistance
Jewellery
 j - the amulet of Sisor {Spirit Str+3 Int-2 Dex+2}
   (You found it on level 1 of the Lair of Beasts)

   [amulet of guardian spirit]

   It causes incoming damage to be divided between your reserves of health and
   magic.
   Str:       It affects your strength (+3).
   Int:       It affects your intelligence (-2).
   Dex:       It affects your dexterity (+2).
 k - a ring of protection from fire (left hand)
 m - a +6 ring of dexterity (right hand)
 n - an amulet of regeneration (around neck)
Scrolls
 a - 6 scrolls of identify
 v - 2 scrolls of teleportation
Potions
 b - a potion of cancellation
 d - a potion of might
 f - a potion of mutation
 i - a potion of magic
 o - 5 potions of heal wounds
 s - 7 potions of curing
 t - a potion of haste

Dungeon Overview and Level Annotations

Branches:
Dungeon (8/15)             Temple (1/1) D:7            Lair (2/5) D:8
Ossuary (visited)
  Swamp: Lair:2-3    Shoals: Lair:2-3     Snake: Lair:2-3    Spider: Lair:2-3

Altars:
Ashenzari
Cheibriados
Dithmenos
Elyvilon
Fedhas
Gozag
Hepliaklqana
Kikubaaqudgha
Makhleb
Nemelex Xobeh
Okawaru
Qazlal
Ru
Sif Muna
Trog
Uskayaw
Vehumet
Wu Jian
Xom
Yredelemnul
Zin
The Shining One

Shops:
D:7 :


Message History

The yak gores you. The death yak barely misses you.
You block the death yak's attack. The death yak gores you!
You hit the yak.
You kill the yak!
Okawaru accepts your kill.
You hit the death yak. You slash the death yak! You hit the death yak.
The death yak looks as sick as possible!
The death yak gores you! The death yak gores you.
The death yak barely misses you.
You slash the death yak!
The death yak looks as sick as possible!
The death yak is almost dead.
You hit the death yak but do no damage.
The death yak looks as sick as possible!
You hit the death yak. You barely miss the death yak. You slash the death yak!
You kill the death yak!
Okawaru is honoured by your kill.
You can now speed up your combat.
You hit the death yak.
The death yak is poisoned.
You slash the death yak!
The death yak looks as sick as possible!
You hit the death yak.
The death yak looks as sick as possible!
You feel like a meek peon again. The death yak gores you!
You block the death yak's attack.
The death yak gores you but does no damage.
Your Armour skill increases to level 9!
7945 ||| INVOKING Heroism.
You gain the combat prowess of a mighty hero.
The komodo dragon bites you. The death yak gores you.
The death yak closely misses you. You block the death yak's attack.
You slice the death yak!!
The death yak looks as sick as possible!
The death yak is almost dead.
You hit the death yak but do no damage.
The death yak looks as sick as possible!
You barely miss the komodo dragon. You slash the death yak!
The death yak looks as sick as possible!
The death yak gores you but does no damage.
The komodo dragon bites you!!
You die...

## ### ########
.P####Y###.####P.P##.###
......Y@................
.....YlYY...............
(.................).....
..........}.............
........................
(.......................
.##.#####..##P####.####.
## ####### ### ##


You could see 3 death yaks, a komodo dragon and 2 yaks.

Vanquished Creatures
  Erica (Lair:1)
  2 death yaks (Lair:2)
  A torpor snail (Lair:1)
  2 cane toads (Lair:1)
  2 komodo dragons (Lair:1)
  A rime drake (Lair:1)
  2 polar bears (Lair:1)
  A hornet (D:5)
  8 blink frogs (Lair:1)
  3 dream sheep (Lair:1)
  2 wyverns (Lair:1)
  15 yaks
  3 water moccasins
  3 orc warriors (D:8)
  An ice beast (D:5)
  A sky beast (D:8)
  5 black bears
  A centaur (D:8)
  2 phantoms
  2 bullfrogs
  A gnoll sergeant (D:6)
  6 scorpions
  4 water moccasin zombies (Ossuary)
  7 killer bees
  3 howler monkeys
  4 hounds
  4 jellies
  3 orc priests
  A gnoll bouda (D:5)
  4 iguanas
  6 orc wizards
  2 mummies (Ossuary)
  16 gnolls
  8 adders
  3 white imps
  6 adder zombies (Ossuary)
  6 worms
  4 dart slugs
  13 orcs
  3 ball pythons
  5 endoplasms
  5 giant cockroaches
  7 goblins
  3 hobgoblins
  3 quokkas
  3 bats (D:1)
  5 frilled lizards
  4 gnoll zombies (Ossuary)
  6 hobgoblin zombies (Ossuary)
  4 kobolds
  2 kobold zombies (Ossuary)
  5 orc zombies (Ossuary)
  5 rats
219 creatures vanquished.

Notes
Turn   | Place    | Note
-------+----------+-------------------------------------------
     0 | D:1      | qw the Gargoyle Fighter began the quest for the Orb.
     0 | D:1      | Reached XP level 1. HP: 14/14 MP: 1/1
     0 | D:1      | 0 ||| qw: Version: 0.2-a-108-gee2c290
     0 | D:1      | 0 ||| qw: Game counter: 1469
     0 | D:1      | 0 ||| qw: Always use a shield: true
     0 | D:1      | 0 ||| qw: God list: Okawaru
     0 | D:1      | 0 ||| qw: Allow faded altars: false
     0 | D:1      | 0 ||| qw: Do Orc after D:15 true
     0 | D:1      | 0 ||| qw: Do second Lair branch before Depths: true
     0 | D:1      | 0 ||| qw: Lair rune preference: random
     0 | D:1      | 0 ||| qw: Plans: Normal, Zot:1-4, Slime:5, God:TSO, Crypt,
                  | Tomb, Abyss, Pan, Hells, Win
     0 | D:1      | 0 ||| PLANNING D:1-11
    53 | D:1      | Reached skill level 2 in Axes
    60 | D:1      | 60 ||| Stepping ~*~*~tactically~*~*~ (stealth).
   143 | D:1      | Reached XP level 2. HP: 19/19 MP: 2/2
   199 | D:1      | 199 ||| Stepping ~*~*~tactically~*~*~ (hiding).
   200 | D:1      | 200 ||| Stepping ~*~*~tactically~*~*~ (hiding).
   375 | D:1      | 375 ||| Stepping ~*~*~tactically~*~*~ (hiding).
   403 | D:1      | Reached skill level 3 in Axes
   450 | D:1      | 450 ||| Stepping ~*~*~tactically~*~*~ (hiding).
   462 | D:1      | Reached XP level 3. HP: 23/23 MP: 3/3
   722 | D:1      | 722 ||| UPGRADING to +0 chain mail.
   732 | D:1      | 732 ||| DROPPING +0 scale mail.
   733 | D:1      | 733 ||| UPGRADING to +0 pair of boots.
   738 | D:1      | 738 ||| UPGRADING to ring of protection from fire.
   739 | D:1      | 739 ||| READING scroll labelled NALUNN DUEJID.
   740 | D:1      | 740 ||| READING scroll labelled ZIVEOCWEVO.
   797 | D:2      | 797 ||| READING 2 scrolls labelled MAREOM NEJO.
   805 | D:2      | 805 ||| STAIRDANCE
   823 | D:2      | 823 ||| STAIRDANCE
   827 | D:2      | 827 ||| STAIRDANCE
   831 | D:2      | 831 ||| STAIRDANCE
   835 | D:2      | 835 ||| STAIRDANCE
   839 | D:2      | 839 ||| STAIRDANCE
   843 | D:2      | 843 ||| STAIRDANCE
   847 | D:2      | 847 ||| STAIRDANCE
   851 | D:2      | 851 ||| STAIRDANCE
   855 | D:2      | 855 ||| STAIRDANCE
   859 | D:2      | 859 ||| STAIRDANCE
   863 | D:2      | 863 ||| STAIRDANCE
   867 | D:2      | 867 ||| STAIRDANCE
   871 | D:2      | 871 ||| STAIRDANCE
   875 | D:2      | 875 ||| STAIRDANCE
   879 | D:2      | 879 ||| STAIRDANCE
   883 | D:2      | 883 ||| STAIRDANCE
   887 | D:2      | 887 ||| STAIRDANCE
   891 | D:2      | 891 ||| STAIRDANCE
   895 | D:2      | 895 ||| STAIRDANCE
   904 | D:2      | 904 ||| FLEEEEING.
   905 | D:2      | 905 ||| FLEEEEING.
   906 | D:2      | 906 ||| FLEEEEING.
   908 | D:2      | 908 ||| FLEEEEING.
   909 | D:2      | 909 ||| Stepping ~*~*~tactically~*~*~ (stealth).
   910 | D:2      | 910 ||| FLEEEEING.
   911 | D:2      | 911 ||| Stepping ~*~*~tactically~*~*~ (hiding).
   912 | D:2      | 912 ||| FLEEEEING.
   913 | D:2      | 913 ||| FLEEEEING.
   914 | D:2      | 914 ||| FLEEEEING.
   915 | D:2      | 915 ||| FLEEEEING.
   916 | D:2      | 916 ||| FLEEEEING.
   917 | D:2      | 917 ||| FLEEEEING.
   918 | D:2      | 918 ||| FLEEEEING.
   919 | D:2      | 919 ||| FLEEEEING.
   920 | D:2      | 920 ||| FLEEEEING.
   921 | D:2      | 921 ||| FLEEEEING.
   922 | D:2      | 922 ||| FLEEEEING.
   923 | D:2      | 923 ||| FLEEEEING.
   924 | D:2      | 924 ||| FLEEEEING.
   925 | D:2      | 925 ||| FLEEEEING.
   926 | D:2      | 926 ||| FLEEEEING.
   927 | D:2      | 927 ||| FLEEEEING.
   966 | D:2      | 966 ||| FLEEEEING.
   967 | D:2      | 967 ||| FLEEEEING.
   983 | D:2      | 983 ||| DRINKING 2 white potions.
   988 | D:1      | 988 ||| READING 2 scrolls of identify.
   988 | D:1      | 988 ||| IDENTIFYING smoky red potion
  1014 | D:2      | 1014 ||| Stepping ~*~*~tactically~*~*~ (stealth).
  1025 | D:2      | 1025 ||| Stepping ~*~*~tactically~*~*~ (stealth).
  1026 | D:2      | 1026 ||| Stepping ~*~*~tactically~*~*~ (stealth).
  1274 | D:2      | Reached XP level 4. HP: 28/28 MP: 4/4
  1303 | D:2      | You fall into a shaft and drop 1 floor!
  1327 | D:3      | 1327 ||| UPGRADING to +6 ring of dexterity.
  1328 | D:3      | 1328 ||| READING scroll labelled EMOGHU ISURIOZOT.
  1421 | D:2      | 1421 ||| READING 2 scrolls of identify.
  1421 | D:2      | 1421 ||| IDENTIFYING purple potion
  1422 | D:2      | 1422 ||| DROPPING potion of brilliance.
  1630 | D:3      | Reached skill level 4 in Axes
  1767 | D:3      | 1767 ||| Stepping ~*~*~tactically~*~*~ (stealth).
  1768 | D:3      | 1768 ||| Stepping ~*~*~tactically~*~*~ (stealth).
  1769 | D:3      | 1769 ||| Stepping ~*~*~tactically~*~*~ (stealth).
  1780 | D:3      | 1780 ||| DROPPING +0 club.
  1878 | D:3      | 1878 ||| Stepping ~*~*~tactically~*~*~ (stealth).
  1919 | D:3      | Found a shimmering blue altar of Sif Muna.
  1924 | D:3      | Found a snail-covered altar of Cheibriados.
  2092 | D:3      | Reached skill level 1 in Dodging
  2321 | D:3      | 2321 ||| UPGRADING to +2 pair of gloves.
  2326 | D:3      | 2326 ||| UPGRADING to +0 cloak.
  2331 | D:3      | 2331 ||| READING scroll labelled JEVOSE GEKAETZ.
  2332 | D:3      | 2332 ||| READING scroll labelled VIPHEKH LUMEI.
  2333 | D:3      | 2333 ||| READING scroll labelled VIS KOCSIOHISEHAES.
  2434 | D:3      | 2434 ||| READING scroll labelled SEZE CEBOCW.
  2435 | D:3      | 2435 ||| READING 3 scrolls of identify.
  2435 | D:3      | 2435 ||| IDENTIFYING brown potion
  2436 | D:3      | 2436 ||| READING 2 scrolls of identify.
  2436 | D:3      | 2436 ||| IDENTIFYING smoky sapphire potion
  2437 | D:3      | 2437 ||| DROPPING potion of invisibility.
  2459 | D:4      | 2459 ||| PLANNING OSSUARY
  2515 | D:4      | Found a sand-covered staircase.
  2516 | D:4      | 2516 ||| UPGRADING to amulet of the acrobat.
  2528 | Ossuary  | Entered an ossuary
  2580 | Ossuary  | Reached XP level 5. HP: 23/32 MP: 5/5
  2656 | Ossuary  | Reached skill level 5 in Axes
  2661 | Ossuary  | Reached XP level 6. HP: 34/37 MP: 6/6
  2821 | Ossuary  | 2821 ||| UPGRADING to +0 plate armour.
  2831 | Ossuary  | 2831 ||| DROPPING +0 chain mail.
  2832 | Ossuary  | 2832 ||| READING scroll labelled PAL OLU NOSEA.
  2833 | Ossuary  | 2833 ||| DRINKING 5 cyan potions.
  2842 | D:4      | 2842 ||| PLANNING D:1-11
  2971 | D:4      | 2971 ||| Stepping ~*~*~tactically~*~*~ (hiding).
  2972 | D:4      | 2972 ||| Stepping ~*~*~tactically~*~*~ (hiding).
  2975 | D:4      | 2975 ||| Stepping ~*~*~tactically~*~*~ (hiding).
  3062 | D:4      | 3062 ||| Stepping ~*~*~tactically~*~*~ (stealth).
  3068 | D:4      | Found a sparkling altar of Nemelex Xobeh.
  3106 | D:4      | Reached skill level 6 in Axes
  3124 | D:4      | 3124 ||| Stepping ~*~*~tactically~*~*~ (stealth).
  3126 | D:4      | 3126 ||| Stepping ~*~*~tactically~*~*~ (stealth).
  3128 | D:4      | 3128 ||| Stepping ~*~*~tactically~*~*~ (stealth).
  3129 | D:4      | 3129 ||| Stepping ~*~*~tactically~*~*~ (stealth).
  3130 | D:4      | 3130 ||| Stepping ~*~*~tactically~*~*~ (stealth).
  3140 | D:4      | Reached XP level 7. HP: 43/43 MP: 7/7
  3337 | D:4      | Found a hazy altar of Hepliaklqana.
  3400 | D:4      | 3400 ||| UPGRADING to +1 hat.
  3405 | D:4      | 3405 ||| READING scroll labelled HIESERCHAOB.
  3406 | D:4      | 3406 ||| READING scroll labelled TOMETH XAKAG.
  3410 | D:4      | 3410 ||| DRINKING 2 fizzy ruby potions.
  3411 | D:4      | 3411 ||| DROPPING potion of flight.
  3431 | D:5      | Entered Level 5 of the Dungeon
  3457 | D:5      | Noticed a hornet
  3463 | D:5      | Killed a hornet
  3464 | D:5      | Reached skill level 7 in Axes
  3464 | D:5      | Reached XP level 8. HP: 43/48 MP: 8/8
  3492 | D:5      | 3492 ||| READING scroll of brand weapon.
  3492 | D:5      | 3492 ||| BRANDING +1 war axe of freezing.
  3607 | D:5      | 3607 ||| Stepping ~*~*~tactically~*~*~ (stealth).
  3708 | D:5      | 3708 ||| Stepping ~*~*~tactically~*~*~ (hiding).
  3737 | D:5      | 3737 ||| DRINKING 6 potions of curing.
  3737 | D:5      | 3737 ||| (to cure confusion)
  3740 | D:5      | Reached skill level 8 in Axes
  3743 | D:5      | 3743 ||| DRINKING 5 potions of curing.
  3743 | D:5      | 3743 ||| (to cure confusion)
  3744 | D:5      | 3744 ||| DRINKING 4 potions of curing.
  3744 | D:5      | 3744 ||| (to cure confusion)
  4207 | D:5      | Reached skill level 6 in Fighting
  4287 | D:5      | 4287 ||| READING 2 scrolls labelled BULLEP PIFAXZE.
  4288 | D:5      | 4288 ||| DRINKING 2 inky potions.
  4288 | D:5      | Gained mutation: Your spells are a little harder to cast,
                  | but a little more powerful. [potion of mutation]
  4288 | D:5      | Gained mutation: You possess an exceptional clarity of
                  | mind. [potion of mutation]
  4289 | D:5      | 4289 ||| DROPPING scroll of noise.
  4332 | D:6      | 4332 ||| Stepping ~*~*~tactically~*~*~ (hiding).
  4352 | D:6      | Reached skill level 6 in Armour
  4466 | D:6      | 4466 ||| Stepping ~*~*~tactically~*~*~ (hiding).
  4468 | D:6      | 4468 ||| Stepping ~*~*~tactically~*~*~ (hiding).
  4469 | D:6      | 4469 ||| Stepping ~*~*~tactically~*~*~ (hiding).
  4470 | D:6      | 4470 ||| Stepping ~*~*~tactically~*~*~ (hiding).
  4613 | D:6      | Reached XP level 9. HP: 55/55 MP: 9/9
  5023 | D:6      | 5023 ||| DRINKING 2 orange potions.
  5079 | D:7      | 5079 ||| Stepping ~*~*~tactically~*~*~ (hiding).
  5082 | D:7      | 5082 ||| Stepping ~*~*~tactically~*~*~ (hiding).
  5084 | D:7      | 5084 ||| Stepping ~*~*~tactically~*~*~ (hiding).
  5085 | D:7      | 5085 ||| Stepping ~*~*~tactically~*~*~ (hiding).
  5086 | D:7      | 5086 ||| Stepping ~*~*~tactically~*~*~ (hiding).
  5141 | D:7      | Reached skill level 9 in Axes
  5223 | D:7      | Found a staircase to the Ecumenical Temple.
  5224 | D:7      | 5224 ||| PLANNING TEMPLE
  5224 | D:7      | 5224 ||| READING 2 scrolls of identify.
  5224 | D:7      | 5224 ||| IDENTIFYING sapphire potion
  5225 | D:7      | 5225 ||| DROPPING potion of berserk rage.
  5230 | Temple   | Entered the Ecumenical Temple
  5241 | Temple   | 5241 ||| PLANNING OKAWARU WORSHIP
  5439 | Temple   | Became a worshipper of Warmaster Okawaru
  5439 | Temple   | 5439 ||| PLANNING D:1-11
  5640 | D:7      | 5640 ||| Stepping ~*~*~tactically~*~*~ (stealth).
  5726 | D:7      | Found Esaclegh's Self-Improvement Boutique.
  5865 | D:7      | 5865 ||| UPGRADING to amulet of regeneration.
  5875 | D:7      | 5875 ||| DROPPING amulet of the acrobat.
  5876 | D:7      | 5876 ||| READING scroll labelled USHRAP MIAKK.
  6008 | D:8      | 6008 ||| Stepping ~*~*~tactically~*~*~ (stealth).
  6016 | D:8      | 6016 ||| Stepping ~*~*~tactically~*~*~ (stealth).
  6017 | D:8      | 6017 ||| Stepping ~*~*~tactically~*~*~ (stealth).
  6145 | D:8      | 6145 ||| Stepping ~*~*~tactically~*~*~ (stealth).
  6147 | D:8      | 6147 ||| Stepping ~*~*~tactically~*~*~ (stealth).
  6163 | D:8      | 6163 ||| Stepping ~*~*~tactically~*~*~ (hiding).
  6165 | D:8      | 6165 ||| Stepping ~*~*~tactically~*~*~ (hiding).
  6166 | D:8      | 6166 ||| Stepping ~*~*~tactically~*~*~ (hiding).
  6174 | D:8      | 6174 ||| Stepping ~*~*~tactically~*~*~ (hiding).
  6219 | D:8      | Reached * piety under Okawaru
  6223 | D:8      | Reached skill level 1 in Invocations
  6349 | D:8      | Found a staircase to the Lair.
  6350 | D:8      | 6350 ||| Stepping ~*~*~tactically~*~*~ (hiding).
  6351 | D:8      | 6351 ||| Stepping ~*~*~tactically~*~*~ (hiding).
  6352 | D:8      | 6352 ||| INVOKING Heroism.
  6412 | D:8      | 6412 ||| Stepping ~*~*~tactically~*~*~ (stealth).
  6605 | D:8      | 6605 ||| Stepping ~*~*~tactically~*~*~ (hiding).
  6608 | D:8      | 6608 ||| Stepping ~*~*~tactically~*~*~ (hiding).
  6615 | D:8      | 6615 ||| INVOKING Heroism.
  6625 | D:8      | Reached skill level 10 in Axes
  6625 | D:8      | Reached skill level 3 in Invocations
  6625 | D:8      | Reached XP level 10. HP: 63/63 MP: 9/12
  6626 | D:8      | 6626 ||| Stepping ~*~*~tactically~*~*~ (stealth).
  6631 | D:8      | 6631 ||| Stepping ~*~*~tactically~*~*~ (stealth).
  6744 | D:8      | 6744 ||| PLANNING LAIR
  6744 | D:8      | 6744 ||| DROPPING amulet of guardian spirit.
  6772 | Lair:1   | Entered Level 1 of the Lair of Beasts
  6773 | Lair:1   | Noticed a cane toad
  6775 | Lair:1   | 6775 ||| INVOKING Heroism.
  6781 | Lair:1   | Killed a cane toad
  6855 | Lair:1   | Noticed a cane toad
  6856 | Lair:1   | 6856 ||| Stepping ~*~*~tactically~*~*~ (stealth).
  6858 | Lair:1   | 6858 ||| INVOKING Heroism.
  6866 | Lair:1   | Killed a cane toad
  6893 | Lair:1   | 6893 ||| INVOKING Heroism.
  6939 | Lair:1   | 6939 ||| Stepping ~*~*~tactically~*~*~ (stealth).
  6956 | Lair:1   | Reached ** piety under Okawaru
  7026 | Lair:1   | 7026 ||| INVOKING Heroism.
  7125 | Lair:1   | 7125 ||| INVOKING Heroism.
  7141 | Lair:1   | Reached skill level 11 in Axes
  7149 | Lair:1   | Reached *** piety under Okawaru
  7173 | Lair:1   | 7173 ||| Stepping ~*~*~tactically~*~*~ (stealth).
  7174 | Lair:1   | 7174 ||| INVOKING Heroism.
  7184 | Lair:1   | Reached XP level 11. HP: 68/68 MP: 12/14
  7200 | Lair:1   | 7200 ||| INVOKING Heroism.
  7219 | Lair:1   | 7219 ||| INVOKING Heroism.
  7220 | Lair:1   | Reached skill level 9 in Fighting
  7313 | Lair:1   | 7313 ||| Stepping ~*~*~tactically~*~*~ (stealth).
  7315 | Lair:1   | 7315 ||| INVOKING Heroism.
  7345 | Lair:1   | Identified the amulet of Sisor {Spirit Str+3 Int-2 Dex+2}
  7358 | Lair:1   | 7358 ||| INVOKING Heroism.
  7404 | Lair:1   | 7404 ||| Stepping ~*~*~tactically~*~*~ (stealth).
  7415 | Lair:1   | 7415 ||| INVOKING Heroism.
  7539 | Lair:1   | 7539 ||| INVOKING Heroism.
  7546 | Lair:1   | Reached skill level 12 in Axes
  7559 | Lair:1   | 7559 ||| INVOKING Heroism.
  7577 | Lair:1   | 7577 ||| INVOKING Heroism.
  7771 | Lair:1   | Noticed Erica
  7772 | Lair:1   | 7772 ||| INVOKING Heroism.
  7777 | Lair:1   | Killed Erica
  7925 | Lair:2   | Noticed a death yak
  7925 | Lair:2   | Noticed a death yak
  7926 | Lair:2   | 7926 ||| INVOKING Heroism.
  7926 | Lair:2   | Noticed a death yak
  7928 | Lair:2   | Noticed a death yak
  7929 | Lair:2   | Noticed a death yak
  7936 | Lair:2   | Killed a death yak
  7937 | Lair:2   | Reached skill level 3 in Throwing
  7944 | Lair:2   | Killed a death yak
  7944 | Lair:2   | Reached **** piety under Okawaru
  7945 | Lair:2   | Reached skill level 9 in Armour
  7945 | Lair:2   | 7945 ||| INVOKING Heroism.
  7946 | Lair:2   | Slain by a komodo dragon

Levels and vault maps discovered:
D:1:      spicycebolla_arrival_ecumenical, layout_basic
D:2:      layout_rooms
D:3:      layout_basic, mainiacjoe_overflow_divided_tiny, nicolae_wormholes
D:4:      layout_cave_pools, nemelex_diamond_rough_becter,
          mainiacjoe_overflow_alcove_1, chequers_ossuary_entry_cave,
          corexii_checkpoint_b, minmay_splitting_lines
D:5:      layout_basic
D:6:      layout_basic
D:7:      layout_rooms, temple_doors_e, enter_bailey_3, chequers_arboretum,
          chequers_mini_garden, nicolae_shop_self_help
D:8:      layout_gridville, grunt_lair_entry_orc_guard_hut
Temple:   eino_narrow_crystal_temple
Lair:1:   layout_loops_ring, uniq_erica
Lair:2:   hangedman_what_comes_after_a, layout_big_grid

Skill      XL: |  1  2  3  4  5  6  7  8  9 10 11 |
---------------+----------------------------------+-----
Axes           | 2 3 4 5 6 7 8 10 11 12 | 12.0
Dodging        | 1 2 |  2.0
Fighting       | 4 6 7 8 9 |  9.1
Armour         | 4 6 8 9 |  9.4
Shields        | 4 5 |  5.5
Invocations    | 3 4 |  4.2
Throwing       | 3 |  3.6

Action                     |  1- 3 |  4- 6 |  7- 9 | 10-12 || total
---------------------------+-------+-------+-------+-------++-------
  Melee: War axe           |    70 |   192 |   263 |   221 ||   746
  Throw: Boomerang         |    28 |    23 |    15 |       ||    66
         Javelin           |       |       |       |     7 ||     7
 Invoke: Heroism           |       |       |     2 |    17 ||    19
    Use: Scroll            |     4 |     9 |     6 |       ||    19
         Potion            |     1 |     1 |     6 |       ||     8
 Armour: Scale mail        |    26 |       |       |       ||    26
         Chain mail        |    15 |    89 |       |       ||   104
         Plate armour      |       |    15 |   181 |   104 ||   300
  Dodge: Dodged            |    30 |    51 |    86 |    67 ||   234
  Block: Buckler           |    11 |    23 |    69 |    63 ||   166

Table legend:
 A = Non-vault XP
 B = Vault XP
 C = Vault XP percentage of total XP
 D = Non-vault monster count
 E = Vault monster count
 F = Vault count percentage of total count
                 A         B        C        D         E       F
            +---------+---------+-------+---------+---------+-------
      Total |   15350 |    1954 |  11.3 |     182 |      37 |  16.9
            +---------+---------+-------+---------+---------+-------
        D:1 |      41 |       0 |   0.0 |      21 |       0 |   0.0
        D:2 |      42 |       0 |   0.0 |      12 |       0 |   0.0
        D:3 |      49 |       5 |   9.3 |      15 |       1 |   6.2
        D:4 |     365 |       5 |   1.4 |      10 |       1 |   9.1
        D:5 |    1177 |       0 |   0.0 |      23 |       0 |   0.0
        D:6 |     488 |       5 |   1.0 |      17 |       1 |   5.6
        D:7 |     652 |       0 |   0.0 |      14 |       0 |   0.0
        D:8 |    1017 |     691 |  40.5 |      26 |       4 |  13.3
     Lair:1 |    9232 |     850 |   8.4 |      38 |       1 |   2.6
     Lair:2 |    2287 |       0 |   0.0 |       6 |       0 |   0.0
    Ossuary |       0 |     398 | 100.0 |       0 |      29 | 100.0
            +---------+---------+-------+---------+---------+-------
